 Dungeon Crawl Stone Soup version 0.20.1-1-g8b1a95d (webtiles) character file.

354 grizmgrazm2 the Sneak (level 6, -2/43 HPs)
             Began as a Vampire Enchanter on Oct 1, 2017.
             Was an Initiate of Ashenzari.
             Shot with an arrow by a centaur (14 damage)
             ... on level 5 of the Dungeon.
             The game lasted 00:17:29 (4911 turns).

grizmgrazm2 the Sneak (Vampire Enchanter)           Turns: 4911, Time: 00:17:30

Health: -2/43      AC:  4    Str: 10    XL:     6   Next: 35%
Magic:  3/10       EV: 13    Int: 19    God:    Ashenzari [......]
Gold:   172        SH:  0    Dex: 15    Spells: 3/11 levels left

rFire    . . .     SeeInvis +   a - +5 dagger
rCold    + + .     Gourm    .   (no shield)
rNeg     + + +     Faith    .   b - +0 robe
rPois    ∞         Spirit   .   (no helmet)
rElec    .         Reflect  .   h - scarf {repulsion} (curse)
rCorr    .         Harm     .   o - +1 pair of gloves
MR       .....                  (no boots)
Stlth    ++++++....             (no amulet)
Regen    0.0/turn               i - +3 ring of strength
MPRegen  0.2/turn               (no ring)

@: bloodless, non-regenerating, repel missiles
A: fangs 3, see invisible, unbreathing
a: Bat Form, Curse Item, Renounce Religion


You were on level 5 of the Dungeon.
You worshipped Ashenzari.
Ashenzari was noncommittal.
You were bloodless.

You visited 2 branches of the dungeon, and saw 6 of its levels.
You also visited: Sewer.

You collected 172 gold pieces.

Inventory:

Hand Weapons
 a - a +5 dagger (weapon)
Armour
 b - a +0 robe (worn)
 h - a cursed scarf of repulsion (worn)
 o - a +1 pair of gloves (worn)
Jewellery
 i - a +3 ring of strength (left hand)
 p - an uncursed ring of fire
Wands
 f - a wand of disintegration (15/24)
Scrolls
 k - a scroll of blinking
 l - 2 scrolls of teleportation
 n - a scroll of amnesia
Potions
 d - 14 potions of blood
 e - 4 potions of heal wounds
 g - 3 potions of curing
 j - a potion of berserk rage {unknown}
 m - 2 potions of might {unknown}
 r - 2 potions of flight {unknown}
 s - a potion of brilliance {unknown}
Books
 c - a book of Maledictions

   Spells                             Type                      Level
   a - Corona                         Hexes                        1
   b - Ensorcelled Hibernation        Hexes/Ice                    2
   c - Confuse                        Hexes                        3
   d - Tukima's Dance                 Hexes                        3
   e - Dazzling Spray                 Conjuration/Hexes            3


   Skills:
 + Level 1.0 Fighting
 + Level 2.0 Short Blades
 + Level 2.8 Dodging
 + Level 7.6 Stealth
 + Level 3.3 Spellcasting
 + Level 5.9 Hexes
 - Level 1.2 Ice Magic


You had 3 spell levels left.
You knew the following spells:

 Your Spells              Type           Power        Failure   Level  Hunger
a - Ensorcelled Hibernat  Hex/Ice        ###...       5%          2    ##.....
b - Confuse               Hex            ####....     3%          3    ###....
c - Tukima's Dance        Hex            ####....     3%          3    ###....


Dungeon Overview and Level Annotations

Branches:
Dungeon (5/15)             Temple (1/1) D:5

Altars:
Ashenzari
Cheibriados
Dithmenos
Hepliaklqana
Qazlal
Ru
Uskayaw
Vehumet
Xom
Yredelemnul
Zin
The Shining One

Annotations:
D:3 1 runed door


Innate Abilities, Weirdness & Mutations

You do not heal naturally.
You are immune to poison.
You have razor-sharp teeth.
You have supernaturally acute eyesight. (SInv)
You can survive without breathing.


Message History

You are surrounded by a repulsion field.
You feel stronger.
Casting: Ensorcelled Hibernation
Confirm with . or Enter, or press ? or * to list all spells.
Aiming: Confuse
Press: ? - help, Shift-Dir - straight line, f/p - centaur
Aim: a centaur, wielding a shortbow (chance to defeat MR: 54%)
The centaur resists with significant effort.
The centaur shoots an arrow.
The arrow is repelled.
The centaur shoots an arrow.
The arrow misses you.
Casting: Confuse
Confirm with . or Enter, or press ? or * to list all spells.
Aiming: Confuse
Press: ? - help, Shift-Dir - straight line, f/p - centaur
Aim: a centaur, wielding a shortbow (chance to defeat MR: 54%)
The centaur resists with significant effort.
The centaur shoots an arrow.
The arrow hits you!
* * * LOW HITPOINT WARNING * * *
The centaur shoots an arrow.
The arrow hits you!
You die...

#..........# #.....##...
#..........# #.........#
#..........# #.....##...
#........# #..<..##.>.
##........####.....##...
#...........#######...##
#.............c..##.###
#........(..........#
#......@...........##
#..................#
##.................#
##.....^#.........#
########.........#
#.........# #.........#
#..............
#..........##..


You could see a centaur.

Vanquished Creatures
  A big kobold (Sewer)
  2 hounds
  An orc priest (D:3)
  5 adders
  2 oozes (Sewer)
  4 worms
  A dart slug (D:1)
  7 leopard geckos
  9 orcs
  4 ball pythons
  17 bats
  9 giant cockroaches
  14 goblins
  6 hobgoblins
  3 frilled lizards
  22 kobolds
  11 rats
118 creatures vanquished.

Notes
Turn   | Place    | Note
-------+----------+-------------------------------------------
     0 | D:1      | grizmgrazm2 the Vampire Enchanter began the quest for the Orb.
     0 | D:1      | Reached XP level 1. HP: 13/13 MP: 3/3
   201 | D:1      | Reached XP level 2. HP: 10/19 MP: 3/5
   208 | D:1      | Learned a level 2 spell: Ensorcelled Hibernation
   754 | D:1      | Reached XP level 3. HP: 23/25 MP: 6/6
   759 | D:1      | Learned a level 3 spell: Confuse
  1316 | D:2      | Reached skill level 5 in Hexes
  1511 | D:2      | Reached skill level 5 in Stealth
  1617 | D:2      | Reached XP level 4. HP: 31/31 MP: 2/7
  1674 | D:2      | Reached skill level 1 in Ice Magic
  2269 | D:3      | Found a glowing silver altar of Zin.
  2269 | D:3      | Found a runed door.
  2269 | D:3      | Noticed an angel
  3207 | D:3      | Reached skill level 6 in Stealth
  3207 | D:3      | Reached XP level 5. HP: 30/36 MP: 2/9
  3527 | D:4      | Noticed a phantom
  3576 | D:5      | Entered Level 5 of the Dungeon
  3600 | D:5      | Found a shadowy altar of Dithmenos.
  3629 | D:5      | Found a staircase to the Ecumenical Temple.
  3638 | Temple   | Entered the Ecumenical Temple
  3707 | Temple   | Became a worshipper of Ashenzari the Shackled
  4079 | D:5      | Found a glowing drain.
  4083 | Sewer    | Entered a sewer
  4326 | Sewer    | Learned a level 3 spell: Tukima's Dance
  4395 | Sewer    | Reached skill level 7 in Stealth
  4529 | Sewer    | Reached XP level 6. HP: 42/42 MP: 8/10
  4747 | Sewer    | Reached skill level 1 in Fighting
  4911 | D:5      | Shot with an arrow by a centaur

Skill      XL: |  1  2  3  4  5  6 |
---------------+-------------------+-----
Hexes          | 5 |  5.9
Stealth        | 5 6 7 |  7.6
Ice Magic      | 1 |  1.2
Spellcasting   | 3 |  3.3
Fighting       | 1 |  1.0
Short Blades   | 2 |  2.0
Dodging        | |  2.8

Action                   |  1- 3 |  4- 6 || total
-------------------------+-------+-------++-------
Melee: Dagger            |    96 |   161 ||   257
       Bite              |     5 |     7 ||    12
 Cast: Corona            |     8 |       ||     8
       Ensorcelled Hiber |    30 |    57 ||    87
       Confuse           |       |    11 ||    11
Invok: Curse Item        |       |     1 ||     1
 Abil: End Transformatio |       |     3 ||     3
       Bat Form          |       |     3 ||     3
  Use: Scroll            |       |    17 ||    17
       Potion            |       |     2 ||     2
 Stab: Sleeping          |    27 |    58 ||    85
       Confused          |       |     2 ||     2
Armor: Robe              |    21 |    22 ||    43
Dodge: Dodged            |    71 |    98 ||   169
       Deflected         |       |    14 ||    14
